 Dungeon Crawl Stone Soup version 0.30-a0-381-g6ea064c7b4 (webtiles) character file.

Game seed: 16710714183851283693

11087 qeuew the Trooper (level 11, -17/94 HPs)
             Began as a Demonspawn Monk on Dec 1, 2022.
             Was a Priest of Nemelex Xobeh.
             Engulfed by an ice statue's freezing vapour (21 damage)
             ... in an ice cave.
             The game lasted 00:18:39 (10303 turns).

qeuew the Trooper (Demonspawn Monk)                Turns: 10303, Time: 00:18:40

Health: -17/94     AC: 16    Str: 29    XL:     11   Next: 44%
Magic:  16/16      EV: 16    Int: 15    God:    Nemelex Xobeh [***...]
Gold:   661        SH: 21    Dex: 18    Spells: 10/10 levels left

rFire   + . .      SeeInvis .    a - +1 mace
rCold   . . .      Faith    .    z - +1 tower shield of Chimes {rF+ Regen+}
rNeg    . . .      Spirit   .    n - +2 swamp dragon scales
rPois   +          Reflect  +    w - +2 hat
rElec   .          Harm     .    A - +1 cloak
rCorr   .          Rampage  .    (no gloves)
Will    .....                    (no boots)
Stlth   +.........               q - amulet of reflection
HPRegen 1.15/turn                m - +6 ring of strength
MPRegen 0.15/turn                p - ring of Ydenor {EV+4 Str+9 Int+4}

@: no status effects
A: powered by death 2, sharp scales 1, demonic magic 1, weakness stinger 2,
fangs 1, hooves 1, horns 1, robust 1
a: Renounce Religion, Draw Escape, Draw Destruction, Draw Summoning, Triple Draw


You were in an ice cave.
You worshipped Nemelex Xobeh.
Nemelex Xobeh was most pleased with you.
You visited 3 branches of the dungeon, and saw 13 of its levels.
You also visited: Ice Cave.

You collected 661 gold pieces.

Inventory:

Hand Weapons
 a - a +1 mace (weapon)
Armour
 n - +2 swamp dragon scales (worn)
 w - a +2 hat (worn)
 z - the +1 tower shield of Chimes (worn) {rF+ Regen+}
   (You found it on level 9 of the Dungeon)

   rF:        It protects you from fire.
   Regen:     It increases your rate of health regeneration.
 A - a +1 cloak (worn)
Jewellery
 g - a ring of willpower
 m - a +6 ring of strength (left hand)
 p - the ring of Ydenor (right hand) {EV+4 Str+9 Int+4}
   (You found it on level 4 of the Dungeon)

   [ring of evasion]

   EV:        It affects your evasion (+4).
   Str:       It affects your strength (+9).
   Int:       It affects your intelligence (+4).
 q - an amulet of reflection (around neck)
 u - the amulet "Bathi" {Faith *Slow +Blink SInv}
   (You found it in an ice cave)

   [amulet of faith]

   It allows you to gain divine favour quickly.
   SInv:      It lets you see invisible.
   +Blink:    It lets you blink.
   *Slow:     It may slow you when you take damage.
 y - a ring of see invisible
Wands
 j - a wand of acid (16) (quivered)
 o - a wand of paralysis (8)
 r - a wand of roots (17)
 x - a wand of mindburst (13)
Scrolls
 b - 2 scrolls of enchant armour
 c - 5 scrolls of identify
 e - a scroll of summoning
 f - a scroll of butterflies
 h - a scroll of blinking
 t - a scroll of silence
 v - 2 scrolls of fear
Potions
 d - 5 potions of curing
 i - a potion of flight
 k - 6 potions of haste
 l - a potion of cancellation
 s - 2 potions of brilliance
 B - a potion of mutation


   Skills:
 + Level 7.9 Fighting
 + Level 7.3 Maces & Flails
 + Level 6.4 Armour
 + Level 7.3 Dodging
 - Level 1.7 Stealth
 + Level 6.3 Shields
 * Level 6.9 Invocations
 + Level 6.4 Evocations


You had 10 spell levels left.
You didn't know any spells.
Your spell library contained the following spells:

 Spells                   Type           Power      Damage    Failure   Level
 Shock                    Conj/Air       0%         1d3       98%         1
 Blink                    Tloc           0%         N/A       99%         2
 Ensorcelled Hibernation  Hex/Ice        0%         N/A       99%         2
 Momentum Strike          Conj/Tloc      0%         3d8       99%         2
 Passwall                 Tmut/Erth      0%         N/A       99%         2
 Lesser Beckoning         Tloc           0%         N/A       100%        3
 Swiftness                Air            0%         N/A       100%        3
 Airstrike                Air            0%         2d(0-16)  100%        4
 Conjure Ball Lightning   Conj/Air       0%         3x3d6     100%        6
 Discord                  Hex            0%         N/A       100%        8
 Disjunction              Tloc           0%         N/A       100%        8


Dungeon Overview and Level Annotations

Branches:
Dungeon (11/15)            Temple (1/1) D:7            Lair (0/5) D:11
    Orc (1/2) D:11          IceCv (1/1)

Altars:
Ashenzari
Cheibriados
Dithmenos
Fedhas
Gozag
Hepliaklqana
Kikubaaqudgha
Makhleb
Nemelex Xobeh
Okawaru
Qazlal
Ru
Sif Muna
Trog
Uskayaw
Vehumet
Wu Jian
Xom
Yredelemnul

Shops:
D:5 **   D:6 *   D:7 [   D:11 (

Annotations:
D:7 2 transporters, bchevrier's ghost, novice GnWn
D:8 exclusion: ice statue IceCv exclusion: 3 ice statues


Innate Abilities, Weirdness & Mutations

You regenerate health from kills.
You are partially covered in razor-sharp scales. (AC +1, Slay +1)
Spells you cast may paralyse adjacent enemies.
You have a tail ending in a sharp stinger.
You have very sharp teeth.
You have large cloven feet.
You have a pair of small horns on your head.
You are robust. (+10% HP)


Message History

Level annotation: exclusion: ice statue Welcome back, qeuew the Demonspawn Monk.
Nemelex Xobeh says: It's all in the cards!
Press ? for a list of commands and other information.
B - a potion of mutation You start resting.
HP restored.
You see here a +0 sling.
Really walk into a travel-excluded area?
An ice statue comes into view.
The ice statue gestures at you. The freezing blast misses you.
The ice statue gestures.
Marking area around an ice statue as unsafe for travelling.
An ice statue comes into view.
You are engulfed in freezing vapours.
Marking area around an ice statue as unsafe for travelling.
You are engulfed in freezing vapours.
The ice statue glitters chillingly in the dim dungeon light.
The ice statue gestures.
You hit the ice statue but do no damage.
You kick the ice statue, but do no damage.
You headbutt the ice statue, but do no damage.
You are engulfed in freezing vapours.
You hit the ice statue. You tail-slap the ice statue.
The ice statue is lightly damaged.
You are engulfed in freezing vapours.
The ice statue gestures at you.
The bolt of cold hits the ice beast.
The ice beast completely resists.
The bolt of cold hits you!!
* * * LOW HITPOINT WARNING * * *
The ice statue gestures at you. The bolt of cold hits you!
* * * LOW HITPOINT WARNING * * *
You hit the ice statue but do no damage.
Your kick misses the ice statue.
The ice statue is lightly damaged.
You are engulfed in freezing vapours.
You die...
Your body disappears without a glow.

##.†.##
##.....##
#.......#
#.......#
#......(#
#)......#
#(..○○).#
####°####
#..°°°@8#
#.°..Y..#
#.......#
#.....Y.#
#8......#
##.....##
##...##
##8##


You could see 3 ice statues and 2 ice beasts.

Vanquished Creatures
  A two-headed ogre (D:11)
  Pikel (D:6)
  2 ugly things
  Maggie (D:6)
  2 unseen horrors
  A komodo dragon (D:10)
  A troll (D:9)
  Grinder (D:3)
  Prince Ribbit (D:7)
  3 wraiths
  5 wyverns
  6 yaks
  Eustachio (D:4)
  Edmund (D:5)
  A water moccasin (D:7)
  An acid dragon (D:9)
  An orc warrior (D:7)
  4 ice beasts
  4 black bears
  3 ogres
  2 centaurs
  2 lemures (D:6)
  2 phantoms
  3 kobold brigands
  2 bullfrogs (D:6)
  7 necrophages
  A wyvern zombie (D:6)
  2 gnoll sergeants
  A cane toad simulacrum (IceCv)
  2 scorpions
  15 wights
  6 killer bees
  6 howler monkeys
  2 bullfrog zombies (D:6)
  5 orc priests
  A human zombie (D:6)
  6 jellies
  A hound (D:4)
  2 iguanas (D:5)
  8 orc wizards
  A polar bear simulacrum (IceCv)
  2 hell rats (D:11)
  A killer bee zombie (D:6)
  3 wolf simulacra (IceCv)
  A mummy (D:6)
  Robin (D:4)
  A howler monkey zombie (D:6)
  7 gnolls
  9 adders
  2 shadow imps
  6 white imps
  3 ufetubi
  4 worms
  4 dart slugs
  36 orcs
  9 ball pythons
  3 bats
  7 endoplasms
  6 giant cockroaches
  13 hobgoblins
  7 jackals (D:3)
  2 quokkas
  A frilled lizard (D:3)
  12 goblins
  12 kobolds
  6 rats
276 creatures vanquished.

Vanquished Creatures (collateral kills)
  2 killer bees (D:9)
2 creatures vanquished.

Grand Total: 278 creatures vanquished

Notes
Turn   | Place    | Note
-------+----------+-------------------------------------------
     0 | D:1      | qeuew the Demonspawn Monk began the quest for the Orb.
     0 | D:1      | Reached XP level 1. HP: 18/18 MP: 1/1
     3 | D:1      | Noticed an electric eel
     4 | D:1      | Noticed an electric eel
   234 | D:1      | Gained mutation: You have a small tail. [demonic ancestry]
   234 | D:1      | Reached XP level 2. HP: 23/24 MP: 2/2
   823 | D:2      | Reached skill level 1 in Armour
   823 | D:2      | Gained mutation: You are partially covered in razor-sharp
                  | scales. (AC +1, Slay +1) [demonic ancestry]
   823 | D:2      | Reached XP level 3. HP: 24/29 MP: 3/3
  1465 | D:2      | Reached XP level 4. HP: 35/35 MP: 4/4
  1739 | D:2      | Identified a scroll of acquirement
  1739 | D:2      | Acquired the +3 warlock's mirror {reflect}
  1739 | D:2      | Found the +3 warlock's mirror {reflect}
  1851 | D:3      | Noticed a phantom
  1859 | D:3      | Noticed Grinder
  1869 | D:3      | Killed a phantom
  1870 | D:3      | Gained mutation: You regenerate a little health from kills.
                  | [demonic ancestry]
  1870 | D:3      | Reached XP level 5. HP: 26/42 MP: 5/5
  1878 | D:3      | Paralysed by Grinder for 3 turns
  1881 | D:3      | Killed Grinder
  1882 | D:3      | Reached skill level 1 in Shields
  1882 | D:3      | Reached XP level 6. HP: 11/48 MP: 6/6
  2712 | D:4      | Noticed Robin
  2784 | D:4      | Killed Robin
  2867 | D:4      | Noticed Eustachio
  2876 | D:4      | Gained mutation: You have a tail ending in a sharp stinger.
                  | [demonic ancestry]
  2876 | D:4      | Reached XP level 7. HP: 55/55 MP: 7/7
  2878 | D:4      | Reached skill level 1 in Evocations
  2982 | D:4      | Killed Eustachio
  3280 | D:4      | Identified the ring of Ydenor {EV+4 Str+9 Int+4}
  3443 | D:4      | Gained mutation: You have large cloven feet. [potion of
                  | mutation]
  3443 | D:4      | Gained mutation: You have a pair of small horns on your
                  | head. [potion of mutation]
  3443 | D:4      | Gained mutation: You have very sharp teeth. [potion of
                  | mutation]
  3443 | D:4      | Gained mutation: You are robust. (+10% HP) [potion of
                  | mutation]
  3466 | D:5      | Entered Level 5 of the Dungeon
  3514 | D:5      | Found Zaqunum's General Store.
  3521 | D:5      | Found Zojupary's Specific Store.
  3590 | D:5      | Reached skill level 5 in Fighting
  3590 | D:5      | Gained mutation: Spells you cast may paralyse adjacent
                  | enemies. [demonic ancestry]
  3590 | D:5      | Reached XP level 8. HP: 68/68 MP: 8/8
  3854 | D:5      | Noticed Edmund
  3892 | D:5      | Killed Edmund
  4420 | D:6      | Reached skill level 5 in Maces & Flails
  4515 | D:6      | Reached skill level 5 in Dodging
  4853 | D:6      | Reached XP level 9. HP: 63/75 MP: 9/9
  4897 | D:6      | Found Gium's Assorted Antiques.
  5121 | D:6      | Noticed Pikel
  5356 | D:6      | Killed Pikel
  5644 | D:6      | Found an ancient bone altar of Kikubaaqudgha.
  5732 | D:6      | Noticed Maggie
  5742 | D:6      | Killed Maggie
  5743 | D:6      | Reached skill level 5 in Armour
  5928 | D:7      | Noticed Prince Ribbit
  5991 | D:7      | Killed Prince Ribbit
  5992 | D:7      | Reached skill level 5 in Shields
  6030 | D:7      | Found a transporter.
  6072 | D:7      | Gained mutation: You regenerate health from kills. [demonic
                  | ancestry]
  6072 | D:7      | Reached XP level 10. HP: 73/84 MP: 10/10
  6186 | D:7      | Reached skill level 5 in Evocations
  6244 | D:7      | Found a staircase to the Ecumenical Temple.
  6360 | D:7      | Noticed bchevrier's ghost (novice GnWn)
  6362 | D:7      | Found a transporter.
  6362 | D:7      | Noticed a moth of wrath
  6402 | D:7      | Found a snail-covered altar of Cheibriados.
  6406 | D:7      | Found Cheibriados's Comfort Zone.
  6589 | D:7      | Found a hazy altar of Hepliaklqana.
  6589 | D:7      | Found a faded altar of an unknown god.
  6595 | D:7      | Found a sacrificial altar of Ru.
  6597 | D:7      | Found an opulent altar of Gozag.
  6599 | D:7      | Found an ornate altar of the Wu Jian Council.
  6644 | Temple   | Entered the Ecumenical Temple
  6955 | Temple   | Became a worshipper of Nemelex Xobeh the Trickster
  6955 | Temple   | Reached * piety under Nemelex Xobeh
  6955 | Temple   | Received a gift from Nemelex Xobeh
  6955 | Temple   | Reached ** piety under Nemelex Xobeh
  7386 | D:8      | Noticed a red ugly thing
  7397 | D:8      | Killed a red ugly thing
  7398 | D:8      | Reached skill level 1 in Invocations
  7771 | D:8      | Noticed an ice statue
  8621 | D:10     | Entered Level 10 of the Dungeon
  8769 | D:10     | Reached skill level 5 in Invocations
  8872 | D:10     | Reached *** piety under Nemelex Xobeh
  8916 | D:10     | Reached XP level 11. HP: 54/92 MP: 13/15
  9340 | D:9      | Identified the +5 kite shield "Laotolocia" {rC+ MP+9}
  9363 | D:9      | Received a gift from Nemelex Xobeh
  9390 | D:9      | Identified the +1 tower shield of Chimes {rF+ Regen+}
  9809 | D:11     | Received a gift from Nemelex Xobeh
  9812 | D:11     | Noticed a two-headed ogre
  9823 | D:11     | Killed a two-headed ogre
  9857 | D:11     | Found a staircase to the Orcish Mines.
  9966 | D:11     | Noticed a death yak
  9966 | D:11     | Noticed a death yak
  9973 | D:11     | Noticed a death yak
  9977 | D:11     | Found a staircase to the Lair.
  9985 | D:11     | Noticed a skeletal warrior
  9986 | D:11     | Noticed a skeletal warrior
  9986 | D:11     | Noticed a skeletal warrior
  9990 | D:11     | Found Tegiz's Antique Weapon Emporium.
 10008 | D:11     | Noticed a skeletal warrior
 10038 | D:11     | Noticed a skeletal warrior
 10088 | Orc:1    | Entered Level 1 of the Orcish Mines
 10093 | D:11     | Found a frozen archway.
 10097 | IceCv    | Entered an ice cave
 10207 | IceCv    | Identified the amulet "Bathi" {Faith *Slow +Blink SInv}
 10213 | IceCv    | Noticed a white ugly thing
 10232 | IceCv    | Killed a white ugly thing
 10302 | IceCv    | HP: 4/94 [ice statue/bolt of cold (15)]
 10303 | IceCv    | Engulfed by an ice statue's freezing vapour

Illustrated notes

Levels and vault maps discovered:
D:1:      arrival_aquarium_b, layout_basic, serial_aquarium,
          aquarium_bridge_long_joined [aquarium_subvault_bridge,
          aquarium_subvault_bridge, aquarium_subvault_wall,
          aquarium_subvault_bridge, aquarium_subvault_window,
          aquarium_subvault_window], aquarium_bridge_square
          [aquarium_subvault_bridge, aquarium_subvault_window,
          aquarium_subvault_wall, aquarium_subvault_bridge], aquarium_window_1,
          aquarium_window_fake, aquarium_view_2e, aquarium_view_2e,
          aquarium_balcony_double_3, aquarium_pool_1
D:2:      layout_basic, serial_glass, glass_columns_a, glass_columns_a,
          chequers_avenue
D:3:      layout_basic, uniq_grinder
D:4:      layout_rooms, fountainhead, uniq_robin, uniq_eustachio
D:5:      layout_basic, nicolae_specific_store, uniq_edmund
D:6:      layout_gridville, lemuel_mausoleum_altar_kikubaaqudgha, serial_shops,
          nicolae_shop_stone, uniq_maggie, uniq_pikel
D:7:      layout_basic, chequers_temple_overflow_minitemple,
          minmay_temple_entry_large_hall, gammafunk_ghost_berserking_beasts,
          st_stairs_9, minmay_shop_chei, uniq_prince_ribbit1
D:8:      lemuel_ice_statue, layout_loops_cross, serial_aquarium,
          aquarium_bridge_island_small [aquarium_subvault_small_open,
          aquarium_subvault_bridge, aquarium_subvault_bridge,
          aquarium_subvault_wall, aquarium_subvault_bridge],
          aquarium_window_corner, aquarium_window_corridor_3,
          aquarium_window_fake, aquarium_view_2c, aquarium_balcony_1b,
          aquarium_pool_S
D:9:      layout_irregular_city, serial_ice, serial_ice_e, serial_ice_a,
          serial_ice_d, serial_ice_n, kennysheep_small_circle
D:10:     layout_basic, serial_rivers, chequers_serial_rivers_micro_d,
          chequers_serial_rivers_small_b, chequers_serial_rivers_room_b,
          chequers_serial_rivers_micro_c, chequers_serial_rivers_micro_b
D:11:     layout_cave_pools, dpeg_lair_monsters, orc_0_dummy,
          portal_ice_cave_entry_imps, serial_shops, nicolae_shop_trees
Temple:   minmay_temple_bridge_d
Orc:1:    layout_diamond_mine
IceCv:    ice_cave_statue_garden_chambered

Skill      XL: |  1  2  3  4  5  6  7  8  9 10 11 |
---------------+----------------------------------+-----
Dodging        | 3 4 5 6 7 |  7.3
Maces & Flails | 3 4 5 6 7 |  7.3
Armour         | 1 2 3 4 5 6 |  6.4
Fighting       | 4 5 6 7 |  7.9
Shields        | 1 2 3 4 5 6 |  6.3
Evocations     | 2 3 4 5 6 |  6.4
Invocations    | 5 6 |  6.9
Stealth        | |  1.7

Action                   |  1- 3 |  4- 6 |  7- 9 | 10-12 || total
-------------------------+-------+-------+-------+-------++-------
Melee: Mace              |   103 |   152 |   409 |   343 ||  1007
       Tailslap          |     9 |    21 |    61 |    53 ||   144
       Punch             |     1 |       |       |       ||     1
       Headbutt          |       |       |    70 |    80 ||   150
       Kick              |       |       |   104 |   136 ||   240
       Bite              |       |       |    37 |    40 ||    77
Invok: Draw Destruction  |       |       |       |     3 ||     3
       Draw Summoning    |       |       |       |     1 ||     1
       Triple Draw       |       |       |       |     2 ||     2
Evoke: Wand              |       |       |       |     1 ||     1
  Use: Scroll            |     5 |     3 |     6 |    10 ||    24
       Potion            |       |     2 |     5 |     4 ||    11
 Stab: Sleeping          |     4 |       |     2 |     1 ||     7
       Paralysed         |       |     7 |       |       ||     7
Armor: Robe              |     9 |       |       |       ||     9
       Ring mail         |    34 |    97 |    89 |       ||   220
       Swamp dragon scal |       |       |     6 |   103 ||   109
Dodge: Dodged            |    62 |   132 |   298 |   274 ||   766
Block: Buckler           |       |   107 |   207 |   111 ||   425
       Reflection        |       |     2 |     5 |    17 ||    24
       Tower shield      |       |       |       |   179 ||   179

Table legend: (Time is in decaauts)
 A = Elapsed time spent in this place.
 B = Non-inter-level travel time spent in this place.
 C = Inter-level travel time spent in this place.
 D = Time resting spent in this place.
 E = Time spent auto-exploring this place.
 F = Levels seen in this place.
 G = Mean time per level.
                   A        B        C        D        E       F      G
               +--------+--------+--------+--------+--------+-----+--------+
         Total |  10503 |  10002 |    501 |    217 |   7308 |  14 |  750.2 |
       Dungeon |   9902 |   9549 |    353 |    188 |   7020 |  11 |  900.2 |
        Temple |    384 |    237 |    147 |      0 |    213 |   1 |  384.0 |
  Orcish Mines |      1 |      1 |      0 |      0 |      0 |   1 |    1.0 |
      Ice Cave |    214 |    214 |      0 |     29 |     75 |   1 |  214.0 |
               +--------+--------+--------+--------+--------+-----+--------+

Top non-repeatable levels by time:
     D:6: 1376 daAuts
     D:5: 1131 daAuts
     D:8: 1070 daAuts
     D:2: 963 daAuts
     D:7: 962 daAuts
     D:3: 910 daAuts
     D:4: 844 daAuts
     D:9: 843 daAuts
     D:1: 825 daAuts
    D:10: 669 daAuts
  Temple: 384 daAuts
    D:11: 306 daAuts
   IceCv: 214 daAuts
   Orc:1: 1 daAuts
